3R
GREENPORT HARBOR WHALES @ ATHLETIC CLUB KC U-21
07/19/2042
 
TOP OF THE 1ST
Greenport Harbor Whales batting - Pitching for Athletic Club KC U-21 : RHP Conor March
Pitching: RHP Conor March
Batting: RHB Alex Thompson 0-0: SINGLE (Groundball, 34D, EV 95.0 MPH)
Batting: LHB Davis Davenport 0-0: Ball
1-0: Called Strike
1-1: SINGLE (Groundball, 4MD, EV 106.2 MPH)
Alex Thompson to second
Batting: LHB Albert Hanson 0-0: Foul Ball, location: 2F
0-1: Ball
1-1: Fielders Choice at 2nd, 6-4 (Groundball, 6, EV 109.4 MPH)
Alex Thompson to third
Batting: LHB Rafael Rea 0-0: Swinging Strike
0-1: Swinging Strike
0-2: Ball
1-2: Ball
2-2: Foul Ball, location: 2F
2-2: Ball
3-2: Base on Balls
Albert Hanson to second
Batting: RHB Robert Robinson 0-0: Ball
1-0: Foul Ball, location: 2F
1-1: Fly out, F3 (Popup, 23F, EV 87.5 MPH)
Batting: LHB Fabian Ekkel 0-0: Ball
1-0: Fly out, F9 (Flyball, 9LS, EV 74.4 MPH)
Top of the 1st over - 0 runs, 2 hits, 0 errors, 3 left on base; Greenport 0 - Athletic Club KC 0
BOTTOM OF THE 1ST
Athletic Club KC U-21 batting - Pitching for Greenport Harbor Whales : LHP Iwan Vroom
Pitching: LHP Iwan Vroom
Batting: RHB Moises Fernán 0-0: Ball
1-0: Swinging Strike
1-1: DOUBLE (Line Drive, 89D, EV 104.4 MPH)
Batting: LHB Justin Cooper 0-0: Called Strike
0-1: Foul Ball, location: 2F
0-2: Ball
1-2: Foul Ball, location: 2F
1-2: Ball
2-2: Ball
3-2: Ground out 5-3 (Groundball, 5D, EV 103.8 MPH)
Batting: RHB Jurrie Nuijs 0-0: Ball
Moises Fernán steals 3rd base
1-0: Foul Ball, location: 2F
1-1: Called Strike
1-2: SINGLE (Line Drive, 4D, EV 96.2 MPH)
Moises Fernán scores
Batting: SHB Chiel Vreke 0-0: Called Strike
0-1: Ball
1-1: Ball
2-1: DOUBLE (Line Drive, 7LS, EV 108.8 MPH)
Jurrie Nuijs to third
Runner from 3rd tries for Home, SAFE, throw by LF to home
Batting: LHB Bart Edwards 0-0: Ball
1-0: Ball
2-0: DOUBLE (Line Drive, 5D, EV 93.8 MPH)
Chiel Vreke scores
Batting: LHB Brian Keys 0-0: Foul Ball, location: 2F
0-1: SINGLE (Groundball, 6MD, EV 100.6 MPH)
Bart Edwards to third
Runner from 3rd tries for Home, SAFE, no throw by CF
Batting: RHB Yun-qi Zhào 0-0: Called Strike
0-1: Ball
1-1: Fly out, F8 (Flyball, 8RD, EV 92.5 MPH)
Batting: RHB Jake Young 0-0: Ball
1-0: Ball
2-0: Ball
3-0: Called Strike
3-1: Called Strike
3-2: Strikes out swinging
Bottom of the 1st over - 4 runs, 5 hits, 0 errors, 1 left on base; Greenport 0 - Athletic Club KC 4
TOP OF THE 2ND
Greenport Harbor Whales batting - Pitching for Athletic Club KC U-21 : RHP Conor March
Batting: RHB Andrew Rijerkerk 0-0: Called Strike
0-1: Ball
1-1: Ground out U3 (Groundball, 34S, EV 84.4 MPH)
Batting: RHB Mariano Cabral 0-0: Swinging Strike
0-1: Swinging Strike
0-2: Ball
1-2: Strikes out swinging
Batting: RHB Vicente Mendoza 0-0: Ball
1-0: Ground out 6-3 (Groundball, 6, EV 98.1 MPH)
Top of the 2nd over - 0 runs, 0 hits, 0 errors, 0 left on base; Greenport 0 - Athletic Club KC 4
BOTTOM OF THE 2ND
Athletic Club KC U-21 batting - Pitching for Greenport Harbor Whales : LHP Iwan Vroom
Batting: LHB Andrés Moreno 0-0: Called Strike
0-1: Ball
1-1: Swinging Strike
1-2: Ball
2-2: Foul Ball, location: 2F
2-2: Ball
3-2: Base on Balls
Batting: RHB Moises Fernán 0-0: Called Strike
0-1: Ball
1-1: Called Strike
1-2: Ball
2-2: Fly out, F9 (Flyball, 9, EV 82.5 MPH)
Batting: LHB Justin Cooper 0-0: Called Strike
0-1: Ball
1-1: Foul Ball, location: 2F
1-2: Ball
2-2: Ground out U3 (Groundball, 3S, EV 58.1 MPH)
Andrés Moreno to second
Batting: RHB Jurrie Nuijs 0-0: Called Strike
0-1: Called Strike
0-2: Strikes out swinging
Bottom of the 2nd over - 0 runs, 0 hits, 0 errors, 1 left on base; Greenport 0 - Athletic Club KC 4
TOP OF THE 3RD
Greenport Harbor Whales batting - Pitching for Athletic Club KC U-21 : RHP Conor March
Batting: RHB Alex Thompson 0-0: Called Strike
0-1: Swinging Strike
0-2: Strikes out swinging
Batting: LHB Davis Davenport 0-0: Fly out, F9 (Flyball, 9S, EV 80.0 MPH)
Batting: LHB Albert Hanson 0-0: Called Strike
0-1: Called Strike
0-2: Foul Ball, location: 2F
0-2: Strikes out swinging
Top of the 3rd over - 0 runs, 0 hits, 0 errors, 0 left on base; Greenport 0 - Athletic Club KC 4
BOTTOM OF THE 3RD
Athletic Club KC U-21 batting - Pitching for Greenport Harbor Whales : LHP Iwan Vroom
Batting: SHB Chiel Vreke 0-0: Ball
1-0: Ball
2-0: DOUBLE (Line Drive, 9LM, EV 91.9 MPH)
Batting: LHB Bart Edwards 0-0: Swinging Strike
0-1: Called Strike
0-2: Fly out, F8 (Line Drive, 8LM, EV 93.1 MPH)
Batting: LHB Brian Keys 0-0: Ball
1-0: Ball
2-0: Called Strike
2-1: Foul Ball, location: 2F
2-2: Foul Ball, location: 2F
2-2: Ball
3-2: Foul Ball, location: 2F
3-2: Strikes out looking
Batting: RHB Yun-qi Zhào 0-0: Ball
1-0: Called Strike
1-1: Foul Ball, location: 2F
1-2: SINGLE (Groundball, 6M, EV 107.5 MPH) (infield hit)
Chiel Vreke to third
Batting: RHB Jake Young 0-0: Foul Ball, location: 2F
0-1: Foul Ball, location: 2F
0-2: Ball
1-2: Fly out, F8 (Flyball, 8RD, EV 100.6 MPH)
Bottom of the 3rd over - 0 runs, 2 hits, 0 errors, 2 left on base; Greenport 0 - Athletic Club KC 4
TOP OF THE 4TH
Greenport Harbor Whales batting - Pitching for Athletic Club KC U-21 : RHP Conor March
Batting: LHB Rafael Rea 0-0: Ball
1-0: Foul Ball, location: 2F
1-1: Ground out 6-3 (Groundball, 56D, EV 107.5 MPH)
Batting: RHB Robert Robinson 0-0: Swinging Strike
0-1: Ball
1-1: Foul Ball, location: 2F
1-2: Strikes out looking
Batting: LHB Fabian Ekkel 0-0: Ball
1-0: Ball
2-0: Swinging Strike
2-1: Foul Ball, location: 2F
2-2: Foul Ball, location: 2F
2-2: Ball
3-2: Base on Balls
Batting: RHB Andrew Rijerkerk 0-0: Ball
1-0: Called Strike
1-1: Ball
2-1: Ground out 4-3 (Groundball, 4, EV 97.5 MPH)
Top of the 4th over - 0 runs, 0 hits, 0 errors, 1 left on base; Greenport 0 - Athletic Club KC 4
BOTTOM OF THE 4TH
Athletic Club KC U-21 batting - Pitching for Greenport Harbor Whales : LHP Iwan Vroom
Batting: LHB Andrés Moreno 0-0: Swinging Strike
0-1: Ball
1-1: Ball
2-1: Ball
3-1: Called Strike
3-2: Base on Balls
Batting: RHB Moises Fernán 0-0: Ball
1-0: Hit by Pitch
Andrés Moreno to second
Batting: LHB Justin Cooper 0-0: Foul Ball, location: 2F
0-1: Ball
1-1: Called Strike
1-2: Ball
2-2: Ball
3-2: Fly out, F7 (Line Drive, 7, EV 93.1 MPH)
Batting: RHB Jurrie Nuijs 0-0: Ball
1-0: Swinging Strike
1-1: Fielders Choice at 2nd, 6-4 (Groundball, 6, EV 88.1 MPH)
Andrés Moreno to third
Batting: SHB Chiel Vreke 0-0: Foul Ball, location: 2F
0-1: Ball
1-1: Swinging Strike
1-2: Strikes out swinging
Bottom of the 4th over - 0 runs, 0 hits, 0 errors, 2 left on base; Greenport 0 - Athletic Club KC 4
TOP OF THE 5TH
Greenport Harbor Whales batting - Pitching for Athletic Club KC U-21 : RHP Conor March
Batting: RHB Mariano Cabral 0-0: Ball
1-0: Called Strike
1-1: Fly out, F5 (Line Drive, 5, EV 71.9 MPH)
Batting: RHB Vicente Mendoza 0-0: Called Strike
0-1: Fly out, F9 (Flyball, 9LS, EV 75.6 MPH)
Batting: RHB Alex Thompson 0-0: Called Strike
0-1: Ball
1-1: Ground out 6-3 (Groundball, 56, EV 83.1 MPH)
Top of the 5th over - 0 runs, 0 hits, 0 errors, 0 left on base; Greenport 0 - Athletic Club KC 4
BOTTOM OF THE 5TH
Athletic Club KC U-21 batting - Pitching for Greenport Harbor Whales : LHP Iwan Vroom
Batting: LHB Bart Edwards 0-0: Called Strike
0-1: Fly out, F7 (Flyball, 7D, EV 101.2 MPH)
Batting: LHB Brian Keys 0-0: Ball
1-0: Ball
2-0: Swinging Strike
2-1: Foul Ball, location: 2F
2-2: Strikes out swinging
Batting: RHB Yun-qi Zhào 0-0: Ball
1-0: Foul Ball, location: 2F
1-1: Foul Ball, location: 2F
1-2: Foul Ball, location: 2F
1-2: Ball
2-2: Strikes out swinging, 2-3 out at first.
Bottom of the 5th over - 0 runs, 0 hits, 0 errors, 0 left on base; Greenport 0 - Athletic Club KC 4
TOP OF THE 6TH
Greenport Harbor Whales batting - Pitching for Athletic Club KC U-21 : RHP Conor March
Batting: LHB Davis Davenport 0-0: Called Strike
0-1: Foul Ball, location: 2F
0-2: Strikes out swinging
Batting: LHB Albert Hanson 0-0: Foul Ball, location: 2F
0-1: Ball
1-1: Ball
2-1: Ground out 5-3 (Groundball, 56S, EV 69.4 MPH)
Batting: LHB Rafael Rea 0-0: Foul Ball, location: 2F
0-1: Foul Ball, location: 2F
0-2: SINGLE (Groundball, 4MD, EV 105.6 MPH)
Batting: RHB Robert Robinson 0-0: Swinging Strike
0-1: Foul Ball, location: 2F
0-2: Ball
1-2: Ball
2-2: Foul Ball, location: 2F
2-2: Ground out 4-3 (Groundball, 4, EV 85.6 MPH)
Top of the 6th over - 0 runs, 1 hit, 0 errors, 1 left on base; Greenport 0 - Athletic Club KC 4
BOTTOM OF THE 6TH
Athletic Club KC U-21 batting - Pitching for Greenport Harbor Whales : LHP Iwan Vroom
Batting: RHB Jake Young 0-0: Foul Ball, location: 2F
0-1: Ball
1-1: Called Strike
1-2: Strikes out swinging
Pitching: LHP Frans Alkemade
Batting: LHB Andrés Moreno 0-0: Ball
1-0: Called Strike
1-1: Ball
2-1: Swinging Strike
2-2: Strikes out swinging
Batting: RHB Moises Fernán 0-0: Called Strike
0-1: Foul Ball, location: 2F
0-2: Ball
1-2: SOLO HOME RUN (Flyball, 7D, EV 96.2 MPH), Distance : 378 ft
Batting: LHB Justin Cooper 0-0: Ball
1-0: Foul Ball, location: 2F
1-1: Swinging Strike
1-2: Ball
2-2: Foul Ball, location: 2F
2-2: Ball
3-2: Foul Ball, location: 2F
3-2: Base on Balls
Batting: RHB Jurrie Nuijs 0-0: Called Strike
0-1: Called Strike
0-2: Fielders Choice at 2nd, 5-4 (Groundball, 5, EV 87.5 MPH)
Bottom of the 6th over - 1 run, 1 hit, 0 errors, 1 left on base; Greenport 0 - Athletic Club KC 5
TOP OF THE 7TH
Greenport Harbor Whales batting - Pitching for Athletic Club KC U-21 : RHP Conor March
Batting: LHB Fabian Ekkel 0-0: Foul Ball, location: 2F
0-1: Foul Ball, location: 2F
0-2: Ball
1-2: Ball
2-2: Foul Ball, location: 2F
2-2: Ground out 1-3 (Groundball, 15S, EV 70.0 MPH)
Batting: RHB Andrew Rijerkerk 0-0: Called Strike
0-1: Ball
1-1: Swinging Strike
1-2: Foul Ball, location: 2F
1-2: Fly out, F8 (Line Drive, 8LD, EV 103.1 MPH)
Batting: RHB Mariano Cabral 0-0: Ball
1-0: Ball
2-0: Ball
3-0: Called Strike
3-1: Foul Ball, location: 2F
3-2: Fly out, F6 (Popup, 6MS, EV 72.5 MPH)
Top of the 7th over - 0 runs, 0 hits, 0 errors, 0 left on base; Greenport 0 - Athletic Club KC 5
BOTTOM OF THE 7TH
Athletic Club KC U-21 batting - Pitching for Greenport Harbor Whales : LHP Frans Alkemade
Batting: SHB Chiel Vreke 0-0: Ground out 5-3 (Groundball, 5, EV 86.2 MPH)
Batting: LHB Bart Edwards 0-0: Foul Ball, location: 2F
0-1: Ball
1-1: Fly out, F8 (Line Drive, 8LM, EV 95.0 MPH)
Batting: LHB Brian Keys 0-0: Foul Ball, location: 2F
0-1: Ball
1-1: Foul Ball, location: 2F
1-2: DOUBLE (Flyball, 7LD, EV 101.9 MPH)
Batting: RHB Yun-qi Zhào 0-0: Called Strike
0-1: 2-RUN HOME RUN (Flyball, 7D, EV 106.9 MPH), Distance : 375 ft
Batting: RHB Jake Young 0-0: Called Strike
0-1: Ball
1-1: Ball
2-1: Ball
3-1: Swinging Strike
3-2: Strikes out looking
Bottom of the 7th over - 2 runs, 2 hits, 0 errors, 0 left on base; Greenport 0 - Athletic Club KC 7
TOP OF THE 8TH
Greenport Harbor Whales batting - Pitching for Athletic Club KC U-21 : RHP Conor March
Pitching: RHP Dani Escovado
Batting: RHB Vicente Mendoza 0-0: Foul Ball, location: 2F
0-1: SINGLE (Flyball, 89S, EV 95.6 MPH)
Batting: RHB Alex Thompson 0-0: Ball
1-0: Ball
2-0: Ball
3-0: Base on Balls
Vicente Mendoza to second
Batting: LHB Davis Davenport 0-0: Ball
1-0: Called Strike
1-1: Fielders Choice at 2nd, 6-4 (Groundball, 6, EV 83.1 MPH)
Vicente Mendoza to third
Batting: LHB Albert Hanson 0-0: Ball
1-0: Swinging Strike
1-1: Foul Ball, location: 2F
1-2: Foul Ball, location: 2F
1-2: Ball
2-2: Ball
3-2: Strikes out swinging
Batting: LHB Rafael Rea 0-0: Ball
1-0: DOUBLE (Flyball, 78D, EV 107.5 MPH)
Vicente Mendoza scores
Davis Davenport to third
Runner from 3rd tries for Home, SAFE, throw by LF to trailing runner, SAFE at third!
Batting: RHB Robert Robinson 0-0: Ball
1-0: Ball
2-0: Ball
3-0: Foul Ball, location: 2F
3-1: Base on Balls
Batting: LHB Fabian Ekkel 0-0: Ball
1-0: SINGLE (Groundball, 6MD, EV 102.5 MPH)
Rafael Rea scores
Robert Robinson to second
Runner from 2nd tries for 3rd, SAFE, throw by CF made to third
Pitching: RHP Jian-cheng Gang
Batting: RHB Andrew Rijerkerk 0-0: SINGLE (Groundball, 34D, EV 99.4 MPH)
Robert Robinson scores
Fabian Ekkel to second
Runner from 2nd tries for 3rd, SAFE, throw by RF made to third
Batting: RHB Mariano Cabral 0-0: Ball
1-0: Called Strike
1-1: Foul Ball, location: 2F
1-2: Fly out, F8 (Flyball, 8RD, EV 87.5 MPH)
Top of the 8th over - 4 runs, 4 hits, 0 errors, 2 left on base; Greenport 4 - Athletic Club KC 7
BOTTOM OF THE 8TH
Athletic Club KC U-21 batting - Pitching for Greenport Harbor Whales : LHP Frans Alkemade
Batting: LHB Andrés Moreno 0-0: Ball
1-0: Ball
2-0: Ball
3-0: Base on Balls
Pitching: RHP Eduardo Pérez
Batting: RHB Moises Fernán 0-0: Fly out, F9 (Flyball, 89M, EV 83.1 MPH)
Batting: LHB Justin Cooper 0-0: Called Strike
0-1: Ball
1-1: SINGLE (Flyball, 9S, EV 84.4 MPH)
Andrés Moreno to second
Runner from 2nd tries for 3rd, SAFE, no throw by RF
Batting: RHB Jurrie Nuijs 0-0: Swinging Strike
0-1: Foul Ball, location: 2F
0-2: Ball
1-2: Ball
2-2: Strikes out swinging
Batting: SHB Chiel Vreke 0-0: Foul Ball, location: 2F
0-1: Swinging Strike
0-2: Ball
1-2: Ball
2-2: SINGLE (Groundball, 34S, EV 71.2 MPH) (infield hit)
Andrés Moreno scores
Justin Cooper to second
Batting: LHB Bart Edwards 0-0: Ball
1-0: Foul Ball, location: 2F
1-1: Ball
2-1: Called Strike
2-2: Fly out, F8 (Flyball, 8LM, EV 78.8 MPH)
Bottom of the 8th over - 1 run, 2 hits, 0 errors, 2 left on base; Greenport 4 - Athletic Club KC 8
TOP OF THE 9TH
Greenport Harbor Whales batting - Pitching for Athletic Club KC U-21 : RHP Jian-cheng Gang
Batting: RHB Vicente Mendoza 0-0: Swinging Strike
0-1: SINGLE (Flyball, 34D, EV 95.6 MPH)
Batting: RHB Alex Thompson 0-0: Ball
1-0: Grounds into double play, 6-4-3 (Groundball, 6, EV 98.8 MPH)
Batting: LHB Davis Davenport 0-0: Called Strike
0-1: Ball
1-1: Ball
2-1: Foul Ball, location: 2F
2-2: Strikes out looking
Top of the 9th over - 0 runs, 1 hit, 0 errors, 0 left on base; Greenport 4 - Athletic Club KC 8
Friday, March 26th, 2021 - OOTP Baseball 20.8 Build 74